 Dungeon Sprint DCSS version 0.23-a0-814-g91b4073 (webtiles) character file.

83348 Lanoc the Demonic Blade (level 15, -13/150 HPs)
             Began as a Demonspawn Monk on Jan 21, 2019.
             Was the Champion of Makhleb.
             Killed from afar by Boris (30 damage)
             ... with a bolt of cold
             ... in the Dungeon (Sprint IX: "|||||||||||||||||||||||||||||").
             The game lasted 00:22:48 (5267 turns).

Lanoc the Demonic Blade (Demonspawn Monk)           Turns: 5267, Time: 00:22:49

Health: -13/150    AC: 31    Str: 17    XL:     15   Next: 32%
Magic:  0/15       EV: 16    Int: 12    God:    Makhleb [******]
Gold:   1285       SH:  0    Dex: 16    Spells: 14/14 levels left

rFire    + + .     SeeInvis .   f - +4 great sword (elec)
rCold    . . .     Gourm    .   (shield currently unavailable)
rNeg     . . .     Faith    .   G - +2 plate armour {rF+}
rPois    .         Spirit   +   y - +2 hat
rElec    .         Reflect  .   b - +0 cloak {+Inv}
rCorr    .         Harm     .   H - +1 pair of gloves
MR       +++..     NoTele   +   x - +0 pair of boots
Stlth    ..........             (no amulet)
HPRegen  0.35/turn              r - ring of protection from magic
MPRegen  0.14/turn              A - ring of protection from magic

@: no status effects
A: horns 1, rugged brown scales 3, fire resistance 1, ignite blood, augmentation
1, magic shield, flame cloud immunity
a: Minor Destruction, Lesser Servant of Makhleb, Major Destruction, Greater
Servant of Makhleb, Renounce Religion, Evoke Invisibility


You were in the Dungeon.
You worshipped Makhleb.
Makhleb was exalted by your worship.
You were not hungry.

You visited 1 branch You collected 1904 gold pieces.
You spent 619 gold pieces at shops.

Inventory:

Hand Weapons
 f - a +4 great sword of electrocution (weapon)
 n - a +2 scimitar of flaming
 D - the +9 shortbow of Nodoca {velocity, rN+}
   (You found it in the Dungeon)

   Any arrow fired from it inflicts extra damage.
   It protects you from negative energy.
Missiles
 p - 144 arrows
 v - 99 bolts
Armour
 b - a +0 cloak of invisibility (worn)
 x - a +0 pair of boots (worn)
 y - a +2 hat (worn)
 G - a +2 plate armour of fire resistance (worn)
 H - a +1 pair of gloves (worn)
Jewellery
 r - a ring of protection from magic (left hand)
 A - a ring of protection from magic (right hand)
 B - an uncursed ring of protection from cold
Wands
 m - a wand of acid (10)
Scrolls
 i - 4 scrolls of blinking
 j - a scroll of fog
 k - 5 scrolls of remove curse
 l - 2 scrolls of amnesia
 t - 3 scrolls of identify
 K - 2 scrolls of enchant weapon
Potions
 d - 2 potions of curing
 e - 2 potions of lignification {unknown}
 g - 4 potions of magic
 h - a potion of invisibility
 q - 3 potions of mutation
 s - a potion of brilliance
 u - a potion of flight
 I - a potion of might
Comestibles
 a - 2 chunks of flesh
 c - 12 rations


   Skills:
 + Level 19.7 Fighting
 * Level 24.1 Long Blades
 + Level 18.2 Armour
 + Level 18.3 Dodging
 - Level 1.7 Stealth


You had 14 spell levels left.
You didn't know any spells.
Your spell library was empty.

Dungeon Overview and Level Annotations

Branches:
Dungeon (1/1)

Altars:
Cheibriados
Dithmenos
Elyvilon
Fedhas
Gozag
Hepliaklqana
Kikubaaqudgha
Makhleb
Nemelex Xobeh
Okawaru
Qazlal
Ru
Sif Muna
Trog
Uskayaw
Vehumet
Wu Jian
Xom
Yredelemnul
Zin
The Shining One
Beogh
Jiyva
Lugonu

Shops:
D *=(=

Annotations:
D Boris


Innate Abilities, Weirdness & Mutations

You have a pair of small horns on your head.
You are completely covered in rugged brown scales. (AC +3, +7% HP)
Your flesh is heat resistant. (rF+)
Your demonic aura causes spilled blood to erupt in flames.
Your magical and physical power is slightly enhanced at high health.
When hurt, damage is shared between your health and your magic reserves.
You are immune to clouds of flame.


Message History

Your headbutt misses something. Something barely misses you.
Something touches you but does no damage.
You slice something!! Something hits you!
* * * LOW HITPOINT WARNING * * *
Something touches you.
* * * LOW HITPOINT WARNING * * *
You hit something but do no damage. You headbutt something.
You slash something! Something hits you.
* * * LOW HITPOINT WARNING * * *
Something touches you but does no damage.
You miss something.
You hear some strange, mumbled words.
An iron shot appears from out of thin air!
The iron shot misses you.
You slash something! You hit something but do no damage.
Your headbutt misses something.
You hear some strange, mumbled words.
A bolt of cold appears from out of thin air!
The bolt of cold hits you!!
You die...

..........................(....).
▓▓▓▓▓▓▓▓▓▓▓▓▓▓♣♣♣♣♣♣♣♣♣♣▓▓▓▓▓▓▓▓▓
..)†)........†.†.......'........☼
▓▓▓▓▓▓▓▓▓▓▓▓▓▓♣♣♣♣♣♣♣♣♣♣▓▓▓▓▓▓▓▓▓
..)..[)..........................
▓▓▓▓▓▓▓▓▓▓▓▓▓▓▓▓▓▓▓▓▓▓▓▓▓▓▓▓▓▓▓▓▓
......)[))((()(.....)).......)['.
▓▓▓▓▓▓▓▓▓▓▓▓▓▓▓▓▓▓▓▓▓▓▓▓▓▓▓▓▓▓▓▓▓
........[)).....@{......
▓▓▓▓▓▓▓▓▓▓▓▓▓▓▓▓▓▓▓▓▓▓▓▓


There were no monsters in sight!

Vanquished Creatures
  Sojobo (D)
  Nikola (D)
  A quicksilver dragon (D)
  2 liches (D)
  Gastronok (D)
  Agnes (D)
  2 tengu reavers (D)
  A thorn hunter (D)
  A frost giant (D)
  A vault warden (D)
  A spriggan defender (D)
  An orc warlord (D)
  A stone giant (D)
  2 ironheart preservers (D)
  An entropy weaver (D)
  A spark wasp (D)
  Azrael (D)
  2 ettins (D)
  Snorg (D)
  A merfolk impaler (D)
  3 yaktaur captains (D)
  Josephine (D)
  3 fire dragons (D)
  Erolcha (D)
  2 ice dragons (D)
  A rakshasa (D)
  A great orb of eyes (D)
  A shambling mangrove (D)
  Erica (D)
  An alligator (D)
  2 ogre magi (D)
  5 centaur warriors (D)
  A satyr (D)
  A two-headed ogre (D)
  A deep troll shaman (D)
  8 orc high priests (D)
  Sonja (D)
  A shadow wraith (D)
  2 flayed ghosts (D)
  A swamp dragon (D)
  A necromancer (D)
  8 orc knights (D)
  2 sea snakes (D)
  A mana viper (D)
  An orc sorcerer (D)
  3 ugly things (D)
  2 wolf spiders (D)
  3 manticores (D)
  A salamander (shapeshifter) (D)
  8 elephants (D)
  A moth of wrath (D)
  4 cyclopes (D)
  2 guardian serpents (D)
  A vault sentinel (D)
  A water nymph (D)
  2 naga magi (D)
  A torpor snail (D)
  3 black mambas (D)
  A spiny frog (D)
  A gargoyle (D)
  2 demonic crawlers (D)
  A tengu conjurer (D)
  A polar bear (D)
  A merfolk (D)
  A tyrant leech (D)
  2 jumping spiders (D)
  2 blink frogs (D)
  A snapping turtle (D)
  2 hornets (D)
  2 hippogriffs (D)
  A redback (D)
  5 wraiths (D)
  A yak (D)
  A wyvern (D)
  2 fire elementals (D)
  A basilisk (D)
  2 vampire mosquitoes (D)
  2 insubstantial wisps (D)
  2 nagas (D)
  A floating eye (D)
  3 hell hounds (D)
  4 porcupines (D)
  9 orc warriors (D)
  2 necrophages (D)
  3 centaurs (D)
  4 crocodiles (D)
  A wolf (D)
  3 bullfrogs (D)
  3 crimson imps (D)
  8 orc priests (D)
  An orc wizard (D)
  An adder skeleton (D)
  3 leopard geckos (D)
  6 orcs (D)
  A ball python (D)
  A bat skeleton (D)
  A goblin (D)
  A giant cockroach zombie (D)
  A rat (D)
198 creatures vanquished.

Vanquished Creatures (others)
  A briar patch (D)
1 creature vanquished.

Grand Total: 199 creatures vanquished

Notes
Turn   | Place    | Note
-------+----------+-------------------------------------------
     0 | D        | Lanoc the Demonspawn Monk began the quest for the Orb.
     0 | D        | Reached XP level 1. HP: 18/18 MP: 1/1
     5 | D        | Reached skill level 3 in Long Blades
    12 | D        | Reached skill level 1 in Armour
   132 | D        | Noticed a centaur
   132 | D        | Noticed a crimson imp
   143 | D        | Killed a crimson imp
   143 | D        | Reached skill level 4 in Long Blades
   143 | D        | Gained mutation: You are partially covered in rugged brown
                  | scales. (AC +1, +3% HP) [demonic ancestry]
   143 | D        | Reached XP level 2. HP: 18/25 MP: 2/2
   143 | D        | Gained mutation: When hurt, damage is shared between your
                  | health and your magic reserves. [demonic ancestry]
   143 | D        | Reached XP level 3. HP: 22/30 MP: 3/3
   150 | D        | Killed a centaur
   150 | D        | Reached skill level 5 in Fighting
   150 | D        | Reached skill level 6 in Long Blades
   150 | D        | Gained mutation: Your flesh is heat resistant. (rF+)
                  | [demonic ancestry]
   150 | D        | Reached XP level 4. HP: 12/40 MP: 1/4
   176 | D        | Found a roughly hewn altar of Beogh.
   176 | D        | Found a snail-covered altar of Cheibriados.
   176 | D        | Found a shadowy altar of Dithmenos.
   176 | D        | Found a white marble altar of Elyvilon.
   176 | D        | Found a blossoming altar of Fedhas.
   176 | D        | Found an opulent altar of Gozag.
   177 | D        | Found a hazy altar of Hepliaklqana.
   179 | D        | Found a viscous altar of Jiyva.
   180 | D        | Found an ancient bone altar of Kikubaaqudgha.
   181 | D        | Found a corrupted altar of Lugonu.
   182 | D        | Found a burning altar of Makhleb.
   183 | D        | Found a sparkling altar of Nemelex Xobeh.
   184 | D        | Found an iron altar of Okawaru.
   185 | D        | Found a stormy altar of Qazlal.
   186 | D        | Found a sacrificial altar of Ru.
   187 | D        | Found a deep blue altar of Sif Muna.
   188 | D        | Found a bloodstained altar of Trog.
   189 | D        | Found a hide-covered altar of Uskayaw.
   190 | D        | Found a radiant altar of Vehumet.
   192 | D        | Became a worshipper of Makhleb the Destroyer
   192 | D        | Reached * piety under Makhleb
   192 | D        | Reached ** piety under Makhleb
   194 | D        | Found an ornate altar of the Wu Jian Council.
   195 | D        | Found a shimmering altar of Xom.
   196 | D        | Found a basalt altar of Yredelemnul.
   197 | D        | Found a glowing silver altar of Zin.
   198 | D        | Found a glowing golden altar of the Shining One.
   384 | D        | Noticed a crocodile
   384 | D        | Noticed a necrophage
   384 | D        | Noticed a necrophage
   384 | D        | Noticed a centaur
   390 | D        | Killed a centaur
   390 | D        | Reached skill level 7 in Long Blades
   390 | D        | Reached skill level 5 in Dodging
   390 | D        | Reached XP level 5. HP: 46/47 MP: 5/5
   393 | D        | Killed a necrophage
   393 | D        | Reached skill level 5 in Armour
   393 | D        | Gained mutation: You are immune to clouds of flame.
                  | [demonic ancestry]
   393 | D        | Reached XP level 6. HP: 54/54 MP: 6/6
   396 | D        | Reached skill level 8 in Long Blades
   399 | D        | Reached *** piety under Makhleb
   403 | D        | Reached skill level 9 in Long Blades
   433 | D        | Noticed a hippogriff
   433 | D        | Noticed a cyclops
   438 | D        | Killed a cyclops
   438 | D        | Reached skill level 10 in Long Blades
   438 | D        | Gained mutation: You are mostly covered in rugged brown
                  | scales. (AC +2, +5% HP) [demonic ancestry]
   438 | D        | Reached XP level 7. HP: 51/65 MP: 4/7
   440 | D        | Reached **** piety under Makhleb
   452 | D        | Killed a hippogriff
   452 | D        | Reached XP level 8. HP: 26/72 MP: 4/8
   692 | D        | Reached ***** piety under Makhleb
   693 | D        | Noticed a blink frog
   695 | D        | Reached skill level 11 in Long Blades
   695 | D        | Noticed a polar bear
   723 | D        | Killed a polar bear
   728 | D        | Killed a blink frog
   728 | D        | Reached skill level 12 in Long Blades
   728 | D        | Reached XP level 9. HP: 71/81 MP: 7/9
   741 | D        | Noticed a black mamba
   742 | D        | Noticed a spiny frog
   750 | D        | Killed a black mamba
   750 | D        | Reached skill level 10 in Fighting
   763 | D        | Reached ****** piety under Makhleb
   782 | D        | Killed a spiny frog
   782 | D        | Reached skill level 13 in Long Blades
   797 | D        | Reached skill level 10 in Dodging
  1031 | D        | Noticed an elephant
  1031 | D        | Noticed an elephant
  1031 | D        | Noticed an elephant
  1031 | D        | Noticed an elephant
  1031 | D        | Noticed an elephant
  1031 | D        | Noticed an elephant
  1034 | D        | Noticed an elephant
  1045 | D        | Killed an elephant
  1045 | D        | Gained mutation: You are completely covered in rugged brown
                  | scales. (AC +3, +7% HP) [demonic ancestry]
  1045 | D        | Reached XP level 10. HP: 85/93 MP: 8/10
  1053 | D        | Killed an elephant
  1065 | D        | Killed an elephant
  1065 | D        | Reached skill level 10 in Armour
  1075 | D        | Killed an elephant
  1075 | D        | Reached skill level 14 in Long Blades
  1083 | D        | Killed an elephant
  1096 | D        | Killed an elephant
  1109 | D        | Killed an elephant
  1131 | D        | Noticed an elephant
  1145 | D        | Killed an elephant
  1192 | D        | Noticed Erica
  1192 | D        | Noticed Gastronok
  1215 | D        | Killed Erica
  1225 | D        | Killed Gastronok
  1225 | D        | Reached skill level 15 in Long Blades
  1225 | D        | Gained mutation: Your demonic aura causes spilled blood to
                  | erupt in flames. [demonic ancestry]
  1225 | D        | Reached XP level 11. HP: 98/102 MP: 6/11
  1256 | D        | Noticed Sonja
  1260 | D        | Killed Sonja
  1322 | D        | Noticed Erolcha
  1336 | D        | Killed Erolcha
  1569 | D        | Reached skill level 16 in Long Blades
  1674 | D        | Noticed an orc sorcerer
  1674 | D        | Noticed an orc knight
  1675 | D        | Noticed an orc knight
  1686 | D        | Killed an orc knight
  1691 | D        | Killed an orc sorcerer
  1701 | D        | Killed an orc knight
  1740 | D        | Found Xydiapn's Jewellery Boutique.
  1740 | D        | Noticed an orc knight
  1740 | D        | Noticed an orc high priest
  1740 | D        | Noticed an orc high priest
  1740 | D        | Noticed an orc high priest
  1740 | D        | Noticed an orc knight
  1742 | D        | Noticed a sun demon
  1751 | D        | Noticed a soul eater
  1887 | D        | Killed an orc high priest
  2011 | D        | Killed an orc knight
  2122 | D        | Killed an orc high priest
  2126 | D        | Killed an orc high priest
  2126 | D        | Reached skill level 17 in Long Blades
  2149 | D        | Noticed an orc knight
  2162 | D        | Killed an orc knight
  2173 | D        | Killed an orc knight
  2173 | D        | Gained mutation: Your magical and physical power is
                  | slightly enhanced at high health. [demonic ancestry]
  2173 | D        | Reached XP level 12. HP: 113/113 MP: 10/12
  2198 | D        | Noticed an orc high priest
  2208 | D        | Killed an orc high priest
  2267 | D        | Found Yleogode's Weapon Shop.
  2271 | D        | Found Sidaupoc's Jewellery Boutique.
  2275 | D        | Found Ritaar's Assorted Antiques.
  2277 | D        | Noticed an orc high priest
  2278 | D        | Noticed an orc high priest
  2279 | D        | Noticed an orc high priest
  2280 | D        | Noticed an orc high priest
  2286 | D        | Killed an orc high priest
  2289 | D        | Killed an orc high priest
  2294 | D        | Killed an orc high priest
  2303 | D        | Killed an orc high priest
  2325 | D        | Bought a potion of heal wounds for 125 gold pieces
  2325 | D        | Bought a fuming emerald potion for 22 gold pieces
  2325 | D        | Bought an orange potion for 22 gold pieces
  2325 | D        | Bought a scroll of identify for 50 gold pieces
  2325 | D        | Bought 2 potions of mutation for 400 gold pieces
  2447 | D        | Got the +9 shortbow of Nodoca {velocity, rN+}
  2568 | D        | Noticed a centaur warrior
  2568 | D        | Noticed a two-headed ogre
  2571 | D        | Noticed a centaur warrior
  2572 | D        | Killed a two-headed ogre
  2572 | D        | Reached skill level 18 in Long Blades
  2576 | D        | Noticed an ettin
  2577 | D        | Noticed a stone giant
  2579 | D        | Killed a centaur warrior
  2580 | D        | Noticed a fire dragon
  2586 | D        | Noticed a centaur warrior
  2597 | D        | Killed a stone giant
  2600 | D        | Killed a centaur warrior
  2600 | D        | Reached skill level 15 in Fighting
  2607 | D        | Killed an ettin
  2611 | D        | Noticed an ettin
  2623 | D        | Killed a fire dragon
  2625 | D        | Killed a centaur warrior
  2710 | D        | Killed an ettin
  2710 | D        | Reached skill level 19 in Long Blades
  2712 | D        | Reached XP level 13. HP: 61/124 MP: 6/13
  2991 | D        | Noticed a merfolk impaler
  3030 | D        | Killed a merfolk impaler
  3192 | D        | Noticed a thorn hunter
  3212 | D        | Killed a thorn hunter
  3213 | D        | Reached skill level 15 in Dodging
  3219 | D        | Reached skill level 20 in Long Blades
  3487 | D        | Reached skill level 15 in Armour
  3922 | D        | Noticed Agnes
  3922 | D        | Noticed Josephine
  3931 | D        | Noticed Snorg
  3936 | D        | Killed Agnes
  3938 | D        | Killed Josephine
  3940 | D        | Noticed Azrael
  3953 | D        | Killed Snorg
  3953 | D        | Reached skill level 21 in Long Blades
  3970 | D        | Killed Azrael
  4087 | D        | Noticed a fire dragon
  4087 | D        | Noticed a spark wasp
  4087 | D        | Noticed a lich
  4088 | D        | Noticed a quicksilver dragon
  4094 | D        | Killed a lich
  4094 | D        | Gained mutation: You have a pair of small horns on your
                  | head. [demonic ancestry]
  4094 | D        | Reached XP level 14. HP: 136/136 MP: 14/14
  4371 | D        | Paralysed by a floating eye for 2 turns
  4378 | D        | Paralysed by a floating eye for 2 turns
  4379 | D        | Noticed a spriggan defender
  4390 | D        | Noticed a lich
  4391 | D        | Paralysed by a floating eye for 4 turns
  4399 | D        | Paralysed by a floating eye for 3 turns
  4403 | D        | Killed a quicksilver dragon
  4413 | D        | Killed a spriggan defender
  4413 | D        | Paralysed by a floating eye for 3 turns
  4417 | D        | HP: 4/138 [lich/poison arrow (44)]
  4424 | D        | Killed a lich
  4424 | D        | Reached skill level 22 in Long Blades
  4644 | D        | Noticed a frost giant
  4666 | D        | Killed a frost giant
  4697 | D        | Noticed an entropy weaver
  4697 | D        | Noticed an ironheart preserver
  4705 | D        | Killed an ironheart preserver
  4706 | D        | Noticed a vault warden
  4711 | D        | Killed an entropy weaver
  4757 | D        | Noticed an orc warlord
  4770 | D        | Killed a vault warden
  4799 | D        | Noticed an ironheart preserver
  4804 | D        | Reached skill level 23 in Long Blades
  4810 | D        | Killed an orc warlord
  4814 | D        | Killed an ironheart preserver
  4838 | D        | Reached XP level 15. HP: 148/148 MP: 9/15
  4932 | D        | Noticed Nikola
  4945 | D        | Killed Nikola
  5021 | D        | Noticed a tengu reaver
  5022 | D        | Noticed Sojobo
  5025 | D        | Noticed a tengu reaver
  5031 | D        | Killed a tengu reaver
  5047 | D        | Killed Sojobo
  5047 | D        | Reached skill level 24 in Long Blades
  5051 | D        | Killed a tengu reaver
  5246 | D        | Noticed Boris
  5267 | D        | Killed from afar by Boris

Vault maps used:
D:        linesprint

Skill      XL: |  1  2  3  4  5  6  7  8  9 10 11 12 13 14 15 |
---------------+----------------------------------------------+-----
Long Blades    | 4 6 7 10 12 13 15 17 19 21 23 24 | 24.1
Armour         | 2 3 4 5 6 7 8 9 11 12 14 15 17 18 | 18.2
Dodging        | 3 4 5 7 9 10 11 12 14 16 17 18 | 18.3
Fighting       | 4 5 6 8 9 11 12 13 15 17 19 | 19.7
Stealth        | |  1.7

Action                   |  1- 3 |  4- 6 |  7- 9 | 10-12 | 13-15 || total
-------------------------+-------+-------+-------+-------+-------++-------
Melee: Falchion          |    29 |       |       |       |       ||    29
       Scimitar          |       |    21 |   124 |   323 |   427 ||   895
       Headbutt          |       |       |       |       |    59 ||    59
       Great sword       |       |       |       |       |    16 ||    16
 Fire: Shortbow          |       |       |       |     1 |       ||     1
  Use: Potion            |     1 |       |     1 |    11 |     5 ||    18
       Scroll            |       |       |       |     3 |       ||     3
  Eat: Chunk             |       |       |     1 |     5 |     9 ||    15
Armor: Robe              |     2 |       |       |       |       ||     2
       Scale mail        |       |     3 |    32 |    41 |       ||    76
       Plate armour      |       |       |       |    28 |   279 ||   307
Dodge: Dodged            |    26 |    15 |    91 |   145 |   196 ||   473
       Rpst.: Falchion   |     8 |       |       |       |       ||     8
       Scimitar          |       |     3 |    21 |    33 |    36 ||    93

Table legend:
 A = Non-vault XP
 B = Vault XP
 C = Vault XP percentage of total XP
 D = Non-vault monster count
 E = Vault monster count
 F = Vault count percentage of total count
                 A         B        C        D         E       F
            +---------+---------+-------+---------+---------+-------
      Total |     553 |  118516 |  99.5 |       2 |     196 |  99.0
            +---------+---------+-------+---------+---------+-------
          D |     553 |  118516 |  99.5 |       2 |     196 |  99.0
            +---------+---------+-------+---------+---------+-------
